 Dungeon Crawl Stone Soup version 0.29-a0-344-ge2f44be95a (webtiles) character file.

Game seed: 17144566970574670533

2259 Jortsu the Thaumaturge (level 9, -10/58 HPs)
             Began as a Djinni Fire Elementalist on Apr 21, 2022.
             Was an Initiate of Makhleb.
             Mangled by a wight
             ... wielding a +4 battleaxe
              (11 damage)
             ... on level 7 of the Dungeon.
             The game lasted 00:23:51 (9727 turns).

Jortsu the Thaumaturge (Djinni Fire Elementalist)   Turns: 9727, Time: 00:23:52

Health: -10/58     AC:  2    Str:  7    XL:     9   Next: 64%
Gold:   457        EV: 13    Int: 21    God:    Makhleb [......] SH:  0 Dex: 14

rFire   + + .      SeeInvis .   j - +1 hand axe (elec)
rCold   x . .      Faith    .   (no shield)
rNeg    . . .      Spirit   .   a - +0 robe
rPois   ∞          Reflect  .   (no helmet)
rElec   .          Harm     .   (no cloak)
rCorr   +          Rampage  .   (no gloves)
Will    .....                   (boots unavailable)
Stlth   ++........              (no amulet)
HPRegen 0.19/turn               d - ring of resist corrosion
MPRegen 0.00/turn               (no ring)

@: flying
A: sickness immunity, fire resistance 2, cold vulnerability 1, float, innate
caster, HP casting, extra vitality 1
a: Renounce Religion


You were on level 7 of the Dungeon.
You worshipped Makhleb.
Makhleb was noncommittal.
You visited 1 branch of the dungeon, and saw 7 of its levels.

You collected 457 gold pieces.

Inventory:

Hand Weapons
 j - a +1 hand axe of electrocution (weapon)
Armour
 a - a +0 robe (worn)
Jewellery
 d - a ring of resist corrosion (left hand)
Wands
 i - a wand of polymorph (12)
 l - a wand of digging (9)
 n - a wand of iceblast (14)
 s - a wand of paralysis (3)
Scrolls
 k - 2 scrolls of fear
 p - a scroll of magic mapping
 r - a scroll of holy word {unknown}
Potions
 b - 2 potions of lignification
 c - a potion of invisibility {unknown}
 e - 8 potions of curing
 f - a potion of flight {unknown}
 g - a potion of mutation {unknown}
 h - 3 potions of resistance {unknown}
 m - 3 potions of attraction {unknown}
 o - 2 potions of berserk rage {unknown}
 q - a potion of heal wounds {unknown}


   Skills:
 + Level 2.0 Fighting
 + Level 3.7 Dodging
 + Level 3.9 Stealth
 + Level 0.8 Unarmed Combat
 + Level 8.7 Spellcasting


You had 3 spell levels left.
You knew the following spells:

 Your Spells              Type           Power      Damage    Failure   Level
a - Foxfire               Conj/Fire      100%       2x1d9     1%          1
b - Scorch                Fire           92%        2d9       1%          2
c - Conjure Flame         Conj/Fire      46%        6-21      1%          3
d - Inner Flame           Hex/Fire       46%        N/A       1%          3
e - Flame Wave            Conj/Fire      46%        2d10      1%          4
f - Freeze                Ice            100%       1d11      1%          1
g - Static Discharge      Conj/Air       46%        N/A       1%          2
h - Lesser Beckoning      Tloc           46%        N/A       1%          3
i - Spider Form           Tmut/Pois      46%        N/A       1%          3
Your spell library was empty.

Dungeon Overview and Level Annotations

Branches:
Dungeon (7/15)
 Temple: D:4-7

Altars:
Cheibriados
Makhleb
Qazlal
Ru
Uskayaw
Vehumet
Wu Jian
Xom

Shops:
D:1 ?(*=*   D:4 (

Annotations:
D:7 3 runed translucent doors, Sapher's ghost, novice KoDe


Innate Abilities, Weirdness & Mutations

You are immune to sickness and miasma.
You are immune to poison.
Your flesh is very heat resistant. (rF++)
You are vulnerable to cold. (rC-)
You float through the air rather than walking.
You learn spells naturally, not from books.
Your magical power is your life essence.
You have superior vitality. (+4 MHP)


Message History

A wight is wielding a +2 flail of freezing. 2 wights come into view.
Okay, then.
The wight hits you with a +2 flail of freezing!
The wight freezes you. The wight attacks as you move away!
The wight misses you.
Casting: Scorch (safe; 1% risk of failure)
Confirm with . or Enter, or press ? or * to list all spells.
Flames lash the wight.
The wight is almost destroyed.
The wight's fire resistance burns away.
The wight closely misses you.
Casting: Scorch (safe; 1% risk of failure)
Confirm with . or Enter, or press ? or * to list all spells.
Flames lash the wight.
The wight is moderately damaged.
The wight's fire resistance burns away.
The wight hits you with a +4 battleaxe!!
* * * LOW HITPOINT WARNING * * *
Casting: Scorch (safe; 1% risk of failure)
Confirm with . or Enter, or press ? or * to list all spells.
Flames lash the wight.
The wight is almost destroyed.
The wight's fire resistance burns away.
* * * LOW HITPOINT WARNING * * *
The wight hits you with a +4 battleaxe.
* * * LOW HITPOINT WARNING * * *
Casting: Scorch (safe; 1% risk of failure)
Confirm with . or Enter, or press ? or * to list all spells.
Flames lash the wight.
The wight is heavily damaged.
The wight's fire resistance burns away.
* * * LOW HITPOINT WARNING * * *
The wight hits you with a +4 battleaxe.
* * * LOW HITPOINT WARNING * * *
Casting: Scorch (safe; 1% risk of failure)
Confirm with . or Enter, or press ? or * to list all spells.
You don't have enough health to cast this spell.
The wight is no longer more vulnerable to fire.
The wight attacks as you move away! The wight hits you with a +4 battleaxe!
You die...

###### #..z.## ..... #
#########.####.#
#........zzz@..#
#)#######.################
#.# #.# #...........#
#.##....#.# #...........#
#§##....#.# #...........#
#.##....#.#
#...........####
#.##....#.#
##...............
#.##....#..
.............####
#§##....# #...........#


You could see 3 wights.

Vanquished Creatures
  An acid dragon (D:7)
  3 water moccasins
  A sky beast (D:4)
  A black bear (D:4)
  2 ogres
  A centaur (D:5)
  2 bullfrogs
  2 scorpions
  A wight (D:7)
  6 orc priests
  6 hounds
  2 jellies
  A gnoll shaman (D:6)
  Natasha (thrice) (D:3)
  5 orc wizards
  Ijyb (D:5)
  5 iguanas
  7 adders
  9 gnolls
  A river rat (D:4)
  2 shadow imps
  2 ufetubi (D:5)
  3 worms
  A dart slug (D:1)
  20 orcs
  9 endoplasms
  5 giant cockroaches
  8 hobgoblins
  8 jackals
  7 quokkas
  8 ball pythons
  5 bats
  2 frilled lizards
  4 goblins
  5 kobolds
  10 rats
159 creatures vanquished.

Vanquished Creatures (collateral kills)
  12 foxfires
12 creatures vanquished.

Vanquished Creatures (others)
  411 foxfires
  3 fungi (D:6)
  17 plants (D:5)
  4 toadstools (D:6)
435 creatures vanquished.

Grand Total: 606 creatures vanquished

Notes
Turn   | Place    | Note
-------+----------+-------------------------------------------
     0 | D:1      | Jortsu the Djinni Fire Elementalist began the quest for the
                  | Orb.
     0 | D:1      | Reached XP level 1. HP: 15/15 MP: 0/0
   180 | D:1      | Reached XP level 2. HP: 7/21 MP: 0/0
   631 | D:1      | Found Zuenisoa's General Store.
   670 | D:1      | Reached skill level 3 in Spellcasting
   681 | D:1      | Reached XP level 3. HP: 20/25 MP: 0/0
   681 | D:1      | Learned a level 1 spell: Freeze
  1004 | D:1      | Found Rousec's Jewellery Shoppe.
  1052 | D:1      | Found Ruf Sobb's General Store.
  1063 | D:1      | Found Lerahu Usexe's Antique Weapon Boutique.
  1112 | D:1      | Found Goesem's Magic Scroll Shoppe.
  2124 | D:1      | Reached XP level 4. HP: 26/31 MP: 0/0
  3086 | D:2      | Found a faded altar of an unknown god.
  3094 | D:2      | Prayed at the altar of an unknown god.
  3094 | D:2      | Became a worshipper of Ru the Awakened
  3096 | D:2      | Fell from the grace of Ru
  3367 | D:2      | You are sucked into a shaft and drop 1 floor!
  3380 | D:3      | Found a snail-covered altar of Cheibriados.
  3395 | D:3      | Noticed Natasha
  3417 | D:3      | Reached XP level 5. HP: 29/35 MP: 0/0
  3417 | D:3      | Learned a level 2 spell: Static Discharge
  3517 | D:3      | Killed Natasha
  3518 | D:3      | Reached skill level 4 in Spellcasting
  3953 | D:3      | Noticed Natasha
  3957 | D:3      | Killed Natasha
  3958 | D:3      | Reached XP level 6. HP: 37/40 MP: 0/0
  4005 | D:3      | Noticed Natasha
  4280 | D:3      | Killed Natasha
  4446 | D:4      | Found Parrom's Antique Weapon Boutique.
  4448 | D:4      | Noticed a black bear
  4456 | D:4      | Killed a black bear
  4463 | D:5      | Entered Level 5 of the Dungeon
  4941 | D:4      | Reached skill level 5 in Spellcasting
  4941 | D:4      | Reached XP level 7. HP: 42/46 MP: 0/0
  4941 | D:4      | Learned a level 3 spell: Lesser Beckoning
  5283 | D:4      | Reached skill level 1 in Fighting
  6262 | D:4      | Reached skill level 6 in Spellcasting
  6262 | D:4      | Reached XP level 8. HP: 36/52 MP: 0/0
  7404 | D:5      | Reached skill level 7 in Spellcasting
  7482 | D:5      | Noticed Ijyb
  7512 | D:5      | Killed Ijyb
  7706 | D:5      | Reached XP level 9. HP: 53/58 MP: 0/0
  7706 | D:5      | Learned a level 3 spell: Spider Form
  7897 | D:5      | Found a hide-covered altar of Uskayaw.
  8308 | D:6      | Found a shimmering altar of Xom.
  8447 | D:6      | Reached skill level 8 in Spellcasting
  8942 | D:6      | Found an ornate altar of the Wu Jian Council.
  9045 | D:6      | Found a burning altar of Makhleb.
  9079 | D:6      | Became a worshipper of Makhleb the Destroyer
  9142 | D:6      | Found a stormy altar of Qazlal.
  9272 | D:7      | Found a runed translucent gate.
  9272 | D:7      | Found a runed translucent gate.
  9273 | D:7      | Found a runed translucent gate.
  9273 | D:7      | Noticed Sapher's ghost (novice KoDe)
  9276 | D:7      | Identified the +2 chain mail of Cynicism {Str+5}
  9725 | D:7      | HP: 1/58 [wight/+4 battleaxe (5)]
  9727 | D:7      | Mangled by a wight

Illustrated notes

Levels and vault maps discovered:
D:1:      saegor_arrival_simple_e, layout_basic, serial_shops,
          nicolae_shop_statue_plus, nicolae_shop_stone, shop,
          nicolae_square_shop, shop, supply_closet_lemuel
D:2:      layout_loops_ring, hellmonk_ecumenical_altar_zigzags,
          grunt_ministairs_4, kennysheep_generic_room_9
D:3:      layout_rooms, mainiacjoe_overflow_brackets, uniq_natasha
D:4:      layout_basic, serial_shops, nicolae_shop_trees, portal_sewer_entry_a
D:5:      layout_gridville, marbit_many_paths, corexii_checkpoint_b,
          fountainhead, serial_bayou_lake_a, uniq_ijyb
D:6:      layout_cave_pools, nicolae_qazlal_eye_of_the_storm, lemuel_tele_altar,
          overflow_temple_1_default, nicolae_wu_jian_wuxing_cycle,
          minmay_gold_behind_fungi
D:7:      layout_basic, mainiacjoe_overflow_catwalk,
          mainiacjoe_overflow_six_doors_small, minmay_temple_entry_waves,
          biasface_ghost_orc_armoury

Skill      XL: |  1  2  3  4  5  6  7  8  9 |
---------------+----------------------------+-----
Spellcasting   | 3 4 5 6 7 8 |  8.7
Stealth        | 2 3 |  3.9
Dodging        | 3 |  3.7
Fighting       | 1 2 |  2.0
Unarmed Combat | |  0.8

Action                   |  1- 3 |  4- 6 |  7- 9 || total
-------------------------+-------+-------+-------++-------
Melee: Unarmed           |     2 |       |     4 ||     6
       Dagger            |       |     4 |       ||     4
       Hand axe          |       |     1 |    11 ||    12
 Cast: Foxfire           |    44 |    65 |   166 ||   275
       Freeze            |    11 |     1 |     5 ||    17
       Scorch            |     7 |    18 |    31 ||    56
       Static Discharge  |       |       |     5 ||     5
       Flame Wave        |       |       |     2 ||     2
       Spider Form       |       |       |     1 ||     1
Invok: Renounce Religion |       |     1 |       ||     1
  Use: Scroll            |       |     8 |     2 ||    10
Armor: Robe              |     5 |     2 |    15 ||    22
Dodge: Dodged            |    32 |    28 |    48 ||   108

Table legend: (Time is in decaauts)
 A = Elapsed time spent in this place.
 B = Non-inter-level travel time spent in this place.
 C = Inter-level travel time spent in this place.
 D = Time resting spent in this place.
 E = Time spent auto-exploring this place.
 F = Levels seen in this place.
 G = Mean time per level.
                   A        B        C        D        E       F      G
               +--------+--------+--------+--------+--------+-----+--------+
         Total |   9733 |   9596 |    137 |   4266 |   3680 |   7 | 1390.4 |
       Dungeon |   9733 |   9596 |    137 |   4266 |   3680 |   7 | 1390.4 |
               +--------+--------+--------+--------+--------+-----+--------+

Top non-repeatable levels by time:
     D:1: 2532 daAuts
     D:5: 2014 daAuts
     D:4: 1827 daAuts
     D:3: 1043 daAuts
     D:6: 1027 daAuts
     D:2: 833 daAuts
     D:7: 454 daAuts
